[Event "Late-Titled-Tuesday-Blitz-February-20-2024"]
[Site "Chess.com"]
[Date "2024.02.20"]
[Round "8"]
[White "Bigfish1995"]
[Black "dropstoneDP"]
[Result "1-0"]
[WhiteElo "3166"]
[BlackElo "3004"]
[TimeControl "180+1"]
[EndTime "15:27:47 PST"]
[Termination "Bigfish1995 won by resignation"]

1. e4 e5 2. Nf3 Nf6 3. d4 Nxe4 4. Nxe5 d6 5. Nd3 d5 6. Nf4 c6 7. Bd3 Bd6 8. O-O O-O 9. c4 Nf6 10.
cxd5 Nxd5 11. Nxd5 cxd5 12. Nc3 Nc6 13. Be3 Be6 14. a3 Re8 15. Rc1 Rc8 16. Re1 a6 17. Qf3 Qh4 18. g3 Nxd4 19. Qd1 Bg4 20. Bxd4 Bxd1 21.
Rxe8+ Rxe8 22. gxh4 Bf3 23. h3 h5 24. Kf1 b5 25.
Be2 Bxe2+ 26. Nxe2 Re4 27. Rc6 Be7 28. f3 Rxh4 29. Kg2 a5 30. Rb6 g5 31. Rxb5 g4 32. Rb8+ Kh7 33. hxg4 hxg4 34. Rh8+ Kg6 35. Rxh4 gxf3+ 36. Kxf3 Bxh4 37. Nf4+ Kf5 38. Nxd5 Ke6 39. Ne3 f5 40. a4 Bg5 41. b3 Bh6 42. Bc3 1-0

[Event "Late-Titled-Tuesday-Blitz-February-20-2024"]
[Site "Chess.com"]
[Date "2024.02.20"]
[Round "8"]
[White "JoakimVonAnd"]
[Black "ninguno46"]
[Result "1-0"]
[WhiteElo "2694"]
[BlackElo "2521"]
[TimeControl "180+1"]
[EndTime "15:27:47 PST"]
[Termination "JoakimVonAnd won by resignation"]

1. c4 Nf6 2. Nf3 c5 3. e3 e6 4.
b3 b6 5. Bb2 Bb7 6. Be2 Be7 7.
O-O O-O 8. d4 d6 9. Nc3 Nbd7 10.
Qc2 a6 11. Rfd1 Re8 12. Rac1 Bf8 13. h3 Rc8 14. a4 Qc7 15. d5 e5 16. e4 g6 17. Rf1 Bh6 18. Rcd1 Rf8 19. Bc1 Bxc1 20.
Qxc1 Kg7 21. Ne1 Qd8 22. Nd3 Qe7 23. Qe3 Ng8 24. f4 exf4 25. Qxf4 f6 26. Bg4 Rcd8 27. Be6 Ne5 28. Rf2 Nh6 29. Qg3 Nxd3 30. Rxd3 Bc8 31. Bxc8 Rxc8 32. Rdf3 Rce8 33. Ne2 Qe5 34. Nf4 Ng8 35.
Ne6+ Rxe6 36. dxe6 Qxe6 37. Rd3 Rd8 38. Rfd2 Qxe4 39. Rxd6 Re8 40. Rd7+ Kh8 41. Qc7 Qe3+ 42. Kh2 Re7 43. Rxe7 Nxe7 44. Rd7 Nf5 1-0

[Event "Late-Titled-Tuesday-Blitz-February-20-2024"]
[Site "Chess.com"]
[Date "2024.02.20"]
[Round "8"]
[White "The_Straightforward_Rook"]
[Black "maxip32"]
[Result "1-0"]
[WhiteElo "2500"]
[BlackElo "2648"]
[TimeControl "180+1"]
[EndTime "15:27:51 PST"]
[Termination "The_Straightforward_Rook won on time"]

1. Nf3 Nf6 2. d4 d5 3. e3 Bf5 4. Bd3 Bxd3 5. Qxd3 e6 6. Qb5+ Nbd7 7. Qxb7 Bd6 8. O-O O-O 9. b3 Qe7 10. Qa6 c5 11. Ba3 Rfb8 12. Nbd2 Rb6 13. Qe2 a5 14. dxc5 Nxc5 15. c4 Rbb8 16. cxd5 Nxd5 17. Nc4 Bc7 18.
Rac1 Nb4 19. Nd4 Ra6 20. Nxa5 Rxa5 21. Bxb4 Rxb4 22. Nc6 Bxh2+ 23. Kxh2 Qd6+ 24. Kg1 Qxc6 25. Qd2 Qb6 26. Rc3 h6 27. Rfc1 Nd7 28. Rc6 Qb5 29. Qxd7 Rh4 30. R1c5 Qb4 31. Rc8+ Kh7 32. Qd3+ g6 33.
Qc3 Rxc5 34. Rxc5 Qb8 35. g3 Rh3 36. Rc8 1-0

[Event "Late-Titled-Tuesday-Blitz-February-20-2024"]
[Site "Chess.com"]
[Date "2024.02.20"]
[Round "8"]
[White "yaguigor"]
[Black "SouS007"]
[Result "1-0"]
[WhiteElo "2640"]
[BlackElo "2494"]
[TimeControl "180+1"]
[EndTime "15:27:51 PST"]
[Termination "yaguigor won by checkmate"]

1. Nf3 g5 2. Nxg5 e5 3. d4 h6 4.
Nf3 e4 5. Ng1 d5 6. Bf4 c5 7. c3 Nc6 8. e3 Qb6 9. Qb3 Na5 10.
Qxb6 axb6 11. Bb5+ Bd7 12. Bxd7+ Kxd7 13. Nd2 Ne7 14. Ne2 Ng6 15. O-O Kc6 16. Bg3 h5 17.
Nf4 Ne7 18. h3 Nf5 19. Bh2 Bh6 20. Rfc1 Rhg8 21. Kf1 h4 22. Ne2 Bxe3 23. fxe3 Nxe3+ 24. Kf2 Rxg2+ 25. Kxe3 Rxh2 26. Rh1 Rxh1 27. Rxh1 Kb5 28.
Rf1 Nc4+ 29. Nxc4 Kxc4 30. b3+ Kb5 31. a4+ Ka5 32. Rxf7 b5 33. Rxb7 bxa4 34. bxa4 cxd4+ 35. Kxd4 Rf8 36. Rh7 Rf2 37. Nf4 Rxf4 38. Kxd5 Kxa4 39. c4 e3 40. Re7 Rf3 41. c5 Rxh3 42. Kc4 Ka3 43. c6 Rh1 44. Rxe3+ Ka4 45. Rc3 Rg1 46. c7 Rg8 47. Kc5 Ka5 48. Ra3# 1-0

[Event "Late-Titled-Tuesday-Blitz-February-20-2024"]
[Site "Chess.com"]
[Date "2024.02.20"]
[Round "8"]
[White "dennisodessa"]
[Black "Kopytkin"]
[Result "1-0"]
[WhiteElo "2585"]
[BlackElo "2413"]
[TimeControl "180+1"]
[EndTime "15:27:54 PST"]
[Termination "dennisodessa won on time"]

1. d4 d5 2. c4 Bf5 3. cxd5 Nf6 4. Nc3 Nxd5 5. Nf3 c6 6. Qb3 Qb6 7. Nxd5 Qxb3 8. axb3 cxd5 9. Bf4 Nc6 10. e3 f6 11.
Bb5 Kd7 12. Nd2 e6 13. O-O Bd6 14. Bxd6 Kxd6 15. f3 Rhc8 16. Rfc1 a6 17. Bxc6 Rxc6 18. e4 Bg6 19. Rxc6+ Kxc6 20. Kf2 Kd7 21. Rc1 Rc8 22. Rxc8 Kxc8 23. Ke3 a5 24. Nb1 Kc7 25. Nc3 Kc6 26. h4 h6 27. g4 Bf7 28. h5 dxe4 29. fxe4 e5 30. d5+ Kc5 31. Na4+ Kb4 32. Nb6 Kxb3 33. Kd3 Kxb2 34. Nc4+ Kb3 35. Nxa5+ Kb4 36. Nxb7 Kb5 37. Nd6+ 1-0

[Event "Late-Titled-Tuesday-Blitz-February-20-2024"]
[Site "Chess.com"]
[Date "2024.02.20"]
[Round "8"]
[White "Happy1712Drummer"]
[Black "DonJuan_34"]
[Result "1-0"]
[WhiteElo "2365"]
[BlackElo "2463"]
[TimeControl "180+1"]
[EndTime "15:27:54 PST"]
[Termination "Happy1712Drummer won on time"]

1. d4 Nf6 2. Nf3 g6 3. c3 Bg7 4. Bf4 O-O 5. h3 b6 6. Nbd2 Bb7 7. e3 c5 8. a4 a6 9. Bd3 d5 10. O-O Nc6 11. Re1 Nd7 12. Bh2 e5 13. e4 dxe4 14.
Bxe4 exd4 15. cxd4 cxd4 16. Nc4 Nc5 17. Nd6 Nxe4 18.
Rxe4 Qd7 19. Qe2 Rad8 20. Re1 Ba8 21. Qxa6 Nb4 22. Qxb6 Bxe4 23. Nxe4 Qxa4 24. Nc5 Qc6 25. Qxb4 d3 26. Bf4 Rfe8 27. Rd1 Re2 28. Nxd3 h6 29.
Be3 Qa6 30. Qb3 Kh7 31. Qxf7 Rxd3 32. Rxd3 Qxd3 33. Bd4 Qd1+ 34. Kh2 1-0

[Event "Late-Titled-Tuesday-Blitz-February-20-2024"]
[Site "Chess.com"]
[Date "2024.02.20"]
[Round "8"]
[White "FREZZY23"]
[Black "rhungaski"]
[Result "0-1"]
[WhiteElo "2431"]
[BlackElo "2604"]
[TimeControl "180+1"]
[EndTime "15:27:56 PST"]
[Termination "rhungaski won by resignation"]

1. d4 Nf6 2. Nf3 g6 3. g3 Bg7 4.
Bg2 O-O 5. O-O d6 6. c4 Nc6 7. Nc3 e5 8. dxe5 Nxe5 9. Nxe5 dxe5 10. Qxd8 Rxd8 11. Bg5 Rd7 12. Rfd1 c6 13. b3 h6 14. Be3 Ng4 15. Bc5 f5 16. h3 Nf6 17. e4 Kf7 18. Be3 Re7 19. Rd6 Be6 20. Rad1 Rd7 21. exf5 gxf5 22. Na4 Rxd6 23. Rxd6 Bf8 24. Rd1 Nd7 25.
Nc3 a5 26. Nd5 Rc8 27. Nb6 Nxb6 28. Bxb6 a4 29. bxa4 Ra8 30. a5 Bb4 31. Rb1 Bxa5 32. Bxa5 Rxa5 33. Rxb7+ Kf6 34. Bxc6 Bxc4 35. a4 Rc5 36.
Rb6 Ke7 37. Bb5 Bd5 38. Rxh6 Rc1+ 39. Bf1 Bc4 40. g4 f4 41. Rh5 Ke6 42. Rh6+ Kd5 43.
g5 Bxf1 44. Kh2 Be2 45. Kg2 Ke4 46. f3+ Bxf3+ 47. Kf2 Rc2+ 48. Kg1 Rg2+ 49. Kf1 Rxg5 50. a5 Ke3 51. a6 Be2+ 0-1

[Event "Late-Titled-Tuesday-Blitz-February-20-2024"]
[Site "Chess.com"]
[Date "2024.02.20"]
[Round "8"]
[White "picturesquecheck"]
[Black "azikom"]
[Result "0-1"]
[WhiteElo "2474"]
[BlackElo "2647"]
[TimeControl "180+1"]
[EndTime "15:27:56 PST"]
[Termination "azikom won by resignation"]

1. e4 c5 2. Nf3 e6 3. d4 cxd4 4.
Nxd4 a6 5. Nc3 b5 6. g3 Bb7 7. Bg2 b4 8. Nce2 Nf6 9. Qd3 Nc6 10. Nxc6 Bxc6 11. O-O Qb8 12. Bf4 Qb7 13. f3 Bc5+ 14.
Kh1 O-O 15. Nd4 d5 16. Nxc6 Qxc6 17. Bg5 dxe4 18. fxe4 Qb5 19. Bxf6 Qxd3 20. cxd3 gxf6 21. Rxf6 Bd4 22. e5 Bxe5 23. Bxa8 Bxf6 24. Bb7 a5 25. Rb1 Rd8 26. Ba6 Kg7 27. a4 h5 28. b3 h4 29.
Kg2 hxg3 30. hxg3 Be5 31. Bc4 Rh8 32. Rf1 Rh5 33. Rf3 Rg5 34. Kh3 Bd6 35. Re3 Kf8 36. Rf3 Ke7 37. Re3 Rg8 38. Rf3 Be5 39. Re3 Kd6 40.
Rf3 f5 41. Re3 Rg6 42. Rf3 Rh6+ 43. Kg2 Kc5 44. Rf1 Kd4 45. Rh1 Rg6 46. Rh3 f4 47. Kf3 fxg3 48. Kg2 Rf6 49. Rh4+ Kc3 50. Re4 Rf2+ 51.
Kh3 Rh2+ 52. Kg4 g2 0-1

[Event "Late-Titled-Tuesday-Blitz-February-20-2024"]
[Site "Chess.com"]
[Date "2024.02.20"]
[Round "8"]
[White "jefferyx"]
[Black "Hikaru"]
[Result "0-1"]
[WhiteElo "3039"]
[BlackElo "3245"]
[TimeControl "180+1"]
[EndTime "15:27:57 PST"]
[Termination "Hikaru won on time"]

1. e4 e5 2. Nf3 Nf6 3. Nxe5 Nxe4 4. Qe2 Qe7 5. Qxe4 d6 6. d4 dxe5 7. dxe5 Nc6 8. Nc3 Qxe5 9. Qxe5+ Nxe5 10. Bf4 Bd6 11.
Bg3 Be6 12. Nb5 a6 13. Nxd6+ cxd6 14. O-O-O O-O-O 15. Be2 f6 16. Rhe1 Bf7 17. b3 Kc7 18. Kb2 h5 19. h4 Rhe8 20. Bf1 g5 21. f3 Re6 22. a4 Ng6 23. hxg5 fxg5 24. Bd3 Rxe1 25.
Rxe1 h4 26. Bh2 Re8 27. Rxe8 Bxe8 28. Kc3 Ne7 29. Kd4 Bc6 30. c4 Kd7 31. Bc2 Ke6 32. b4 Be8 33. b5 Bg6 34. Bb3 Kd7 35. Ke3 Bf7 36. bxa6 bxa6 37. a5 Nc6 38. Ba4 Bxc4 39. Bxc6+ Kxc6 40. Kd4 Bf1 41. g3 h3 42. g4 Be2 43. Ke3 Bd1 44. Kf2 d5 45. Be5 Kc5 0-1

[Event "Late-Titled-Tuesday-Blitz-February-20-2024"]
[Site "Chess.com"]
[Date "2024.02.20"]
[Round "8"]
[White "McCarthyStone"]
[Black "MathiasWomacka"]
[Result "0-1"]
[WhiteElo "2365"]
[BlackElo "2508"]
[TimeControl "180+1"]
[EndTime "15:27:57 PST"]
[Termination "MathiasWomacka won on time"]

1. e4 c5 2. g3 d6 3. Bg2 Nc6 4. Ne2 g6 5. c3 Bg7 6. d4 Nf6 7. O-O O-O 8. h3 Bd7 9. Be3 cxd4 10. cxd4 Qa5 11. Nbc3 Rfc8 12. Qd2 b5 13. b3 Rab8 14. Rfd1 a6 15. f4 b4 16. Na4 d5 17. Nc5 dxe4 18. d5 Nd8 19. Nxd7 Nxd7 20. Rac1 Nb7 21. Bxe4 Nd6 22. Bg2 Nb5 23. Nd4 Nxd4 24. Bxd4 Bxd4+ 25. Qxd4 Qxa2 26. d6 exd6 27. Qxd6 Nf8 28. Bd5 Qb2 29. Bxf7+ Kxf7 30. Rc7+ Kg8 31. Qd5+ Kh8 32. Qf7 Rxc7 33.
Qxc7 Re8 34. Qf7 Qe2 35. Rf1 Qe3+ 36. Kg2 Qe4+ 37. Kg1 Qe6 38. Qb7 Qxb3 0-1

[Event "Late-Titled-Tuesday-Blitz-February-20-2024"]
[Site "Chess.com"]
[Date "2024.02.20"]
[Round "8"]
[White "jcibarra"]
[Black "Polish_fighter3000"]
[Result "0-1"]
[WhiteElo "2932"]
[BlackElo "3072"]
[TimeControl "180+1"]
[EndTime "15:27:59 PST"]
[Termination "Polish_fighter3000 won on time"]

1. e4 c6 2. Nf3 d5 3. d3 g6 4. Qe2 Bg7 5. g3 Nh6 6. Bg2 O-O 7. O-O f6 8. exd5 cxd5 9. c4 Nc6 10. Nc3 d4 11. Ne4 Nf7 12. b4 Nxb4 13. Rb1 Nc6 14. Nc5 e5 15. Nd2 Qc7 16. Bd5 Kh8 17. Ba3 Re8 18.
Nce4 Ncd8 19. Nc5 Rb8 20. Ndb3 Bf8 21. Qf3 f5 22. Rfe1 b6 23. Nxd4 bxc5 24. Rxb8 Qxb8 25.
Nb5 a6 26. Nc3 Be6 27. Qe3 Qc8 28. Rb1 Bxd5 29. Nxd5 Ne6 30. Rb6 Bh6 31. Qe1 Nd4 32. Qa5 Bf8 33. Rxa6 f4 34. Ra7 Qh3 0-1

[Event "Late-Titled-Tuesday-Blitz-February-20-2024"]
[Site "Chess.com"]
[Date "2024.02.20"]
[Round "8"]
[White "thesupera12"]
[Black "Walter_White_Poland"]
[Result "1-0"]
[WhiteElo "2487"]
[BlackElo "2361"]
[TimeControl "180+1"]
[EndTime "15:28:00 PST"]
[Termination "thesupera12 won by resignation"]

1. d4 Nf6 2. Bg5 c5 3. Bxf6 exf6 4. c3 d5 5. Nf3 Nc6 6. e3 Qb6 7. Qb3 c4 8. Qc2 Bf5 9. Qxf5 Qxb2 10. Qxd5 Qxa1 11.
Qe4+ Be7 12. Bxc4 Qb2 13. O-O O-O 14. d5 Ne5 15. Nxe5 fxe5 16. Qxe5 Bf6 17. Qf5 Bxc3 18.
Nxc3 Qxc3 19. Bb3 g6 20. Qd7 Qc8 21. Qb5 Qc7 22. Rd1 Rfd8 23. h4 b6 24. h5 Rac8 25.
hxg6 hxg6 26. Qd3 Qd6 27. e4 Kg7 28. Qd4+ f6 29. Qa4 Rc7 30. g3 Rh8 31. Qd4 Qe5 32. Qxe5 fxe5 33. d6 Rd7 34. Be6 Rdd8 35. d7 Kf6 36.
Bg4 Rhf8 37. Rd6+ Ke7 38. Rxg6 Rf6 39. Rg5 Kd6 40. f4 Kc5 41. Rxe5+ Kd4 42. Re8 Rf8 43.
Rxf8 Rxf8 44. e5 Ke3 45. e6 Rg8 46. e7 Rxg4 47. e8=Q+ Kf3 48. Qh5 Kxg3 49. Qxg4+ 1-0

[Event "Late-Titled-Tuesday-Blitz-February-20-2024"]
[Site "Chess.com"]
[Date "2024.02.20"]
[Round "8"]
[White "PawnEatingZombie"]
[Black "STAYFlow"]
[Result "0-1"]
[WhiteElo "2207"]
[BlackElo "2358"]
[TimeControl "180+1"]
[EndTime "15:28:00 PST"]
[Termination "STAYFlow won on time"]

1. e4 c5 2. c3 Nf6 3. e5 Nd5 4. Nf3 d6 5. d4 cxd4 6. cxd4 Nc6 7. Bc4 Be6 8. O-O h6 9. Re1 g5 10. Bxd5 Bxd5 11. Nc3 Bxf3 12. Qxf3 Bg7 13. exd6 Qxd6 14. Nb5 Qd7 15. d5 Ne5 16. Qb3 O-O 17. Be3 Rfd8 18. Rad1 a6 19. Nc3 Rac8 20. Bb6 Re8 21. Bd4 Qc7 22. Ne4 Ng4 23. Ng3 Nf6 24. Nf5 Ng4 25. g3 Be5 26. Nxh6+ Kh7 27. Nxg4 Bxd4 28. Rxd4 Qa5 29.
Qe3 Kg7 30. Red1 f6 31. Ne5 Rc2 32. Nf3 Rxb2 33. Nxg5 Qxa2 34. Ne6+ Kf7 35. Qf3 Rh8 36. h4 Re2 37. Rg4 Re5 38. Rg7+ Ke8 0-1

[Event "Late-Titled-Tuesday-Blitz-February-20-2024"]
[Site "Chess.com"]
[Date "2024.02.20"]
[Round "8"]
[White "Piotrek1979"]
[Black "jaskol95"]
[Result "1-0"]
[WhiteElo "2443"]
[BlackElo "2586"]
[TimeControl "180+1"]
[EndTime "15:28:02 PST"]
[Termination "Piotrek1979 won on time"]

1. Nf3 d5 2. b3 Bg4 3. Bb2 Bxf3 4. gxf3 e6 5. f4 Nf6 6. e3 g6 7. Bg2 Bg7 8. d3 c6 9. Nd2 Nbd7 10. Qe2 Nh5 11.
Bxg7 Nxg7 12. h4 h5 13. Nf3 Qa5+ 14. Qd2 Qxd2+ 15. Kxd2 Ke7 16. a4 a5 17. Bh3 Ne8 18.
Rhg1 Nd6 19. Ke2 b5 20. Ne5 Nxe5 21. fxe5 Nb7 22. d4 b4 23. c3 c5 24. cxb4 axb4 25. Rgc1 Rhc8 26. Bg2 Na5 27. Rab1 Ra7 28. e4 dxe4 29.
Bxe4 Rac7 30. d5 exd5 31. Bxd5 c4 32. bxc4 Nxc4 33. f4 Nb6 34. Rxc7+ Rxc7 35. Bb3 Rc3 36. a5 Nc8 37. a6 Na7 38. Bd5 Rc5 39. Bb7 Rb5 40. Kd3 b3 41. Kc4 b2 42. Kc3 Rc5+ 43.
Kxb2 Rc4 44. Rf1 Ke6 45. Kb3 Rd4 46. Kc3 Nb5+ 47. Kc2 Ra4 48. Bc8+ Ke7 49. Kb3 Rxa6 50. Bxa6 Nd4+ 51. Kc4 Nf5 52. Kc5 Nxh4 53. Bd3 Ng2 54. Kd4 h4 55. Be4 1-0

[Event "Late-Titled-Tuesday-Blitz-February-20-2024"]
[Site "Chess.com"]
[Date "2024.02.20"]
[Round "8"]
[White "IndianSchoolOfSuffering"]
[Black "DraningWaterHi"]
[Result "0-1"]
[WhiteElo "2417"]
[BlackElo "2266"]
[TimeControl "180+1"]
[EndTime "15:28:02 PST"]
[Termination "DraningWaterHi won by resignation"]

1. e4 e5 2. Nf3 Nc6 3. Bc4 Nf6 4.
d3 Bc5 5. c3 a6 6. O-O d6 7. a4 Ba7 8. Nbd2 O-O 9. h3 h6 10. Re1 Re8 11. Nf1 Be6 12. Bxe6 Rxe6 13. Ng3 d5 14. Qe2 Qd7 15. Nf5 Rae8 16. N3h4 Ne7 17.
Nxe7+ Qxe7 18. Nf5 Qd7 19. Qf3 c6 20. a5 Kh7 21.
Be3 Bxe3 22. Qxe3 Nh5 23. g3 Rg6 24. Kh2 Rge6 25. Re2 Nf6 26. Rae1 Ng8 27. Qf3 g6 28. Ne3 Nf6 29. exd5 Nxd5 30. Nc4 f6 31. h4 h5 32. Nd2 Kg7 33. Ne4 Qe7 34. b4 Qc7 35. Nc5 R6e7 36. d4 exd4 37. Rxe7+ Rxe7 38. Ne6+ Rxe6 39. Rxe6 dxc3 40.
Qd3 Qd7 41. Re4 Kf7 42. Rd4 Qe6 43. Re4 Qf5 44. Kg2 Nxb4 45. Qb1 c2 46. Qb3+ Qd5 47. Qxb4 c1=Q 48. Qe7+ Kg8 49. Qe8+ Kg7 50. Qe7+ Qf7 51. Qd8 0-1

[Event "Late-Titled-Tuesday-Blitz-February-20-2024"]
[Site "Chess.com"]
[Date "2024.02.20"]
[Round "8"]
[White "janhelmer03"]
[Black "ural58"]
[Result "0-1"]
[WhiteElo "2268"]
[BlackElo "2486"]
[TimeControl "180+1"]
[EndTime "15:28:02 PST"]
[Termination "ural58 won on time"]

1. d4 d5 2. c4 e5 3. dxe5 d4 4. Nf3 Nc6 5. Nbd2 a5 6. Nb3 Bg4 7.
a3 Bxf3 8. gxf3 a4 9. Nd2 Nxe5 10. Bg2 Ng6 11. Ne4 f5 12. Ng3 Nh4 13. Bh3 g6 14. O-O Be7 15. b3 Nf6 16. Bb2 c5 17. Re1 O-O 18. e3 dxe3 19. Rxe3 Ra6 20. Qe2 Rf7 21.
Rd1 Rd6 22. Rxd6 Qxd6 23. Re6 Qd7 24. bxa4 Kf8 25. a5 Bd8 26. a6 bxa6 27. Rxa6 Qb7 28. Re6 Nxf3+ 29. Kf1 Nd4 30. Bxd4 cxd4 31. Rd6 Be7 32. Re6 Qb1+ 33. Qe1 Qd3+ 34. Qe2 Qxa3 35. c5 Qxc5 0-1

[Event "Late-Titled-Tuesday-Blitz-February-20-2024"]
[Site "Chess.com"]
[Date "2024.02.20"]
[Round "8"]
[White "Jospem"]
[Black "Mops_2004"]
[Result "1-0"]
[WhiteElo "3085"]
[BlackElo "2786"]
[TimeControl "180+1"]
[EndTime "15:28:04 PST"]
[Termination "Jospem won on time"]

1. e4 g6 2. d4 Bg7 3. c3 d6 4. Bd3 e5 5. Nf3 Nc6 6. O-O Nf6 7. h3 O-O 8. Re1 a5 9. Be3 b6 10. Nbd2 Bb7 11. a3 Re8 12. d5 Ne7 13. c4 c5 14.
b4 axb4 15. axb4 cxb4 16. Rb1 Nd7 17. Rxb4 Ba6 18. Qc2 Qc7 19. Reb1 Reb8 20. Qb2 Nc8 21. Bf1 Nc5 22. Qc2 Bb7 23. Ne1 Ra3 24. Nd3 Rba8 25. Nxc5 dxc5 26. R4b3 Ra2 27. R3b2 R2a3 28. Bd3 R8a6 29.
Nf1 h5 30. Ng3 Kh7 31. Ne2 Bh6 32. Bxh6 Kxh6 33. Nc3 Nd6 34. Bf1 Kg7 35. Nb5 Nxb5 36. Rxb5 R3a5 37. R5b3 Ra1 38. Rxa1 Rxa1 39. Qb2 Ra6 40.
f4 f6 41. fxe5 Qxe5 42. Rxb6 Rxb6 43. Qxb6 Qe7 44. Kh1 Kh6 45. d6 Qxe4 46. d7 Qe1 47. Qxf6 1-0

[Event "Late-Titled-Tuesday-Blitz-February-20-2024"]
[Site "Chess.com"]
[Date "2024.02.20"]
[Round "8"]
[White "dretch"]
[Black "Nouali_Mohamed"]
[Result "1-0"]
[WhiteElo "2866"]
[BlackElo "2553"]
[TimeControl "180+1"]
[EndTime "15:28:09 PST"]
[Termination "dretch won on time"]

1. d4 Nf6 2. c4 g5 3. Nc3 h6 4.
g3 d6 5. Bg2 Bg7 6. Nf3 Nc6 7.
d5 Na5 8. Qa4+ c6 9. dxc6 Nxc6 10. Nd4 Bd7 11. Nxc6 bxc6 12. Bxc6 Rc8 13. Bb5 O-O 14. O-O Bh3 15. Rd1 Ng4 16. Qxa7 Ra8 17. Qb7 Rb8 18. Qf3 Ne5 19. Qe4 e6 20. Be3 f5 21. Qc2 f4 22.
Bd4 fxg3 23. hxg3 Rxb5 24. cxb5 Bf5 25. Qc1 Qa8 26. Bxe5 Bxe5 27. Qe3 Bh3 28. Qe4 Qa7 29. e3 Bf5 30. Qg2 Bg4 31. Rd2 Bf3 32. Qh3 Rf6 33.
a4 d5 34. a5 Kg7 35. a6 Bc7 36. Ne2 h5 37. Nd4 Bg4 38. Qh1 Bb6 39. Nc6 Qa8 40.
a7 h4 41. Ne5 Rh6 42. Nxg4 Rh8 43. Qf3 1-0

[Event "Late-Titled-Tuesday-Blitz-February-20-2024"]
[Site "Chess.com"]
[Date "2024.02.20"]
[Round "8"]
[White "MeisterJabo"]
[Black "subham777"]
[Result "1-0"]
[WhiteElo "2460"]
[BlackElo "2596"]
[TimeControl "180+1"]
[EndTime "15:28:10 PST"]
[Termination "MeisterJabo won by resignation"]

1. c4 e6 2. g3 d5 3. Nf3 Nf6 4. Bg2 Be7 5. O-O O-O 6. d4 dxc4 7. Ne5 Nc6 8. Nxc6 bxc6 9. Na3 Bxa3 10. bxa3 Qd6 11.
Qa4 Qxd4 12. Be3 Qb2 13. Qxc6 Bd7 14. Qxc4 Rab8 15. Bxa7 Rbd8 16. Rab1 Qxa3 17. Bc5 Qa5 18. Be7 Rb8 19. Bxf8 Rxf8 20. Rfc1 Rc8 21. Rb7 h6 22. h3 Ne8 23. Qb3 Ba4 24. Qb4 Qg5 25. e3 Bd7 26. a4 Qd8 27. a5 Nd6 28. Rcxc7 Nxb7 29. Rxb7 Bc6 30. Bxc6 Rxc6 31. Rb8 Rc8 32. Rxc8 Qxc8 33.
Qb6 Qa8 34. a6 Qf3 35. Qb7 Qd1+ 36. Kg2 Kh7 37. a7 h5 38. a8=Q Qd6 39. Qe4+ g6 40.
Qac6 Qe7 41. Qf4 e5 42. Qff6 Qe8 43. Qxe8 1-0

[Event "Late-Titled-Tuesday-Blitz-February-20-2024"]
[Site "Chess.com"]
[Date "2024.02.20"]
[Round "8"]
[White "cmunda"]
[Black "Josetricks"]
[Result "0-1"]
[WhiteElo "2136"]
[BlackElo "2406"]
[TimeControl "180+1"]
[EndTime "15:28:12 PST"]
[Termination "Josetricks won on time"]

1. e4 g6 2. d4 Bg7 3. Nf3 c6 4. h3 d5 5. e5 f6 6. Bd3 Nd7 7. Qe2 fxe5 8. dxe5 e6 9. O-O Nh6 10. Nd4 Qe7 11. Bxh6 Bxh6 12. c4 O-O 13. Nc3 Bf4 14. Nf3 Qg7 15. Rfe1 a6 16. Rad1 Nc5 17. Bc2 b5 18. b4 Nd7 19. c5 a5 20. a3 Qf7 21. h4 axb4 22. axb4 Ra3 23. Rd3 Nxe5 24.
Nxe5 Bxe5 25. Qxe5 Qxf2+ 26. Kh2 Qxc2 27. Ree3 Rf2 28.
Rg3 Ra1 29. h5 Rf5 30. Qc7 Rxh5+ 31. Rh3 Rxh3+ 32. Rxh3 Qf5 33. Qxc8+ Qf8 34. Qxe6+ Qf7 35. Qxc6 Qf4+ 0-1

[Event "Late-Titled-Tuesday-Blitz-February-20-2024"]
[Site "Chess.com"]
[Date "2024.02.20"]
[Round "8"]
[White "Beca95"]
[Black "ArtemDyachuk"]
[Result "1-0"]
[WhiteElo "2900"]
[BlackElo "2666"]
[TimeControl "180+1"]
[EndTime "15:28:14 PST"]
[Termination "Beca95 won on time"]

1. e4 c5 2. Nc3 d6 3. f4 g6 4. Bc4 Bg7 5. Nf3 Nc6 6. O-O e6 7.
a3 Nge7 8. Ba2 O-O 9. d3 a6 10. Qe1 b5 11. Ne2 b4 12. axb4 Nxb4 13. Bb1 a5 14. c3 Nbc6 15. Qh4 Ba6 16. Rd1 Bb5 17. Ba2 d5 18. e5 Nf5 19. Qf2 c4 20. d4 a4 21. Bb1 Na5 22. g4 Ne7 23. Be3 Nb3 24. Ra3 Re8 25. Ng3 Bf8 26. f5 exf5 27.
gxf5 Ra6 28. f6 Nc6 29. Nh5 Qd7 30.
Qg2 Nd8 31. Ng5 Ne6 32. Nxe6 Raxe6 33. Bf5 Qc6 34. Bxe6 Qxe6 35. Rf1 Kh8 36. Ng7 Bxg7 37. fxg7+ Kg8 38. Rf6 Qd7 39. Qf3 Re6 40. Rf4 Re8 41. h4 h5 42. Kh2 Re6 43. Qg3 Re8 44. Qg5 Kh7 45. Rxf7 1-0

[Event "Late-Titled-Tuesday-Blitz-February-20-2024"]
[Site "Chess.com"]
[Date "2024.02.20"]
[Round "8"]
[White "besarquis"]
[Black "boguszp"]
[Result "1-0"]
[WhiteElo "2208"]
[BlackElo "1992"]
[TimeControl "180+1"]
[EndTime "15:28:14 PST"]
[Termination "besarquis won on time"]

1. e4 c6 2. d4 d5 3. e5 c5 4.
Nf3 Bg4 5. dxc5 e6 6. Be3 Nd7 7. Bb5 a6 8. Bxd7+ Qxd7 9. c3 Qc7 10. b4 Bxf3 11. Qxf3 Qxe5 12. O-O Nf6 13. Bd4 Qe4 14. Qg3 Rc8 15. Nd2 Qg4 16. Qe3 Be7 17. Nf3 O-O 18.
Rfe1 Ne4 19. Ne5 Qh5 20. f3 Nf6 21. a4 Rfd8 22. b5 a5 23. c6 bxc6 24. Nxc6 Rd7 25. Nxa5 Ra8 26. Nc6 Bd6 27. g3 Qh3 28. Qf2 Rc7 29.
Bb6 Rb7 30. a5 Nd7 31. Bd4 Rxb5 32. Reb1 Rxb1+ 33. Rxb1 h5 34. Ra1 e5 35. Be3 Rc8 36. a6 Rxc6 37. a7 Rc8 38. a8=Q Rxa8 39. Rxa8+ Kh7 40.
Rd8 Be7 41. Re8 Bd6 42. Qf1 Qf5 43. Rd8 Qe6 44. Qd3+ 1-0

[Event "Late-Titled-Tuesday-Blitz-February-20-2024"]
[Site "Chess.com"]
[Date "2024.02.20"]
[Round "8"]
[White "Jaka_Brilej"]
[Black "Rashad_Zeynalli"]
[Result "0-1"]
[WhiteElo "2504"]
[BlackElo "2656"]
[TimeControl "180+1"]
[EndTime "15:28:15 PST"]
[Termination "Rashad_Zeynalli won on time"]

1. Nf3 d5 2. d4 Nf6 3. c4 e6 4.
g3 Bb4+ 5. Bd2 Be7 6. Bg2 O-O 7. O-O c6 8. Qc2 b6 9. b3 Bb7 10. Bf4 Nh5 11. Bc1 Nf6 12. Nbd2 Nbd7 13. Bb2 c5 14. dxc5 Bxc5 15. Rfd1 Rc8 16. Qd3 Re8 17. e3 e5 18. Qe2 Qe7 19. cxd5 Nxd5 20. Rac1 Ba3 21. Bxa3 Qxa3 22. Nc4 Qb4 23. e4 N5f6 24. Nfd2 Red8 25. h3 h6 26. Kh2 Re8 27. Kg1 Nf8 28. Kh2 Ne6 29.
Kg1 Nd4 30. Qe3 Rcd8 31. a3 Qe7 32. b4 Qe6 33. Kh2 Rd7 34. Qc3 Ne2 35. Qe3 Nxc1 36. Rxc1 Rc8 37. Qb3 b5 38. Ne3 Rxc1 39. Qxe6 fxe6 40.
Nb3 Rc3 41. Nc5 Rxc5 42. bxc5 Rc7 43. Nc2 Rxc5 44. Nb4 a5 45. Nd3 Rc3 46. Nxe5 Bxe4 0-1

[Event "Late-Titled-Tuesday-Blitz-February-20-2024"]
[Site "Chess.com"]
[Date "2024.02.20"]
[Round "8"]
[White "LUISMIGUELOV"]
[Black "Doublekk14"]
[Result "0-1"]
[WhiteElo "2175"]
[BlackElo "2308"]
[TimeControl "180+1"]
[EndTime "15:28:15 PST"]
[Termination "Doublekk14 won on time"]

1. e4 c5 2. d4 cxd4 3. c3 d3 4. Bxd3 Nc6 5. Nf3 d6 6. O-O Nf6 7. Nbd2 g6 8. Qe2 Bg7 9. Rd1 O-O 10. Nc4 Qc7 11. Bf4 b5 12. Ne3 a6 13. Nd5 Nxd5 14. exd5 Na5 15. Re1 Re8 16. Rad1 Bg4 17. h3 Bxf3 18.
Qxf3 Nc4 19. Re2 a5 20. Rde1 a4 21. a3 Bf6 22. Bh6 Ne5 23. Qe3 Nxd3 24. Qxd3 Qc4 25.
Qf3 Be5 26. h4 Rac8 27. h5 Qh4 28. Rxe5 dxe5 29. Rxe5 f6 30. Re6 Qxh5 31. Qxh5 gxh5 32. d6 exd6 33. Rxd6 Kf7 34. Rb6 Rc5 35. Be3 Rd5 36.
Rb7+ Kg6 37. Bd4 Re6 38. Rb8 h4 39. Kh2 Kf5 40. Kh3 Re4 41. Rh8 Rd7 0-1